 Dungeon Sprint DCSS version 0.23-a0-242-g2b5ca64 (webtiles) character file.

7 Kidiri the Shield-Bearer (level 1, -4/20 HPs)
             Began as a Minotaur Fighter on Sept 28, 2018.
             Slain by a wolf (5 damage)
             ... in the Dungeon (Sprint III: "The Ten Rune Challenge").
             The game lasted 00:01:25 (67 turns).

Kidiri the Shield-Bearer (Minotaur Fighter)           Turns: 67, Time: 00:01:26

Health: -4/20      AC:  7    Str: 20    XL:     1   Next: 91%
Magic:  0/0        EV:  8    Int:  5    God:
Gold:   0          SH:  9    Dex:  9    Spells: 0/0 levels left

rFire    . . .     SeeInvis .   a - +0 long sword
rCold    . . .     Gourm    .   c - +0 shield
rNeg     . . .     Faith    .   b - +0 scale mail
rPois    +         Spirit   .   (helmet restricted)
rElec    .         Reflect  .   (no cloak)
rCorr    .         Harm     .   (no gloves)
MR       .....     NoTele   +   (no boots)
Stlth    ..........             (no amulet)
HPRegen  0.06/turn              n - ring of poison resistance
MPRegen  0.07/turn              (no ring)

@: no status effects
A: retaliatory headbutt, horns 2
a: no special abilities


You were in the Dungeon.
You were not hungry.

You visited 1 branch

Inventory:

Hand Weapons
 a - a +0 long sword (weapon)
Missiles
 m - 20 stones (quivered)
Armour
 b - a +0 scale mail (worn)
 c - a +0 shield (worn)
Jewellery
 n - a ring of poison resistance (left hand)
Scrolls
 k - a scroll of blinking
Potions
 d - a potion of might
 e - a potion of curing
 g - a potion of heal wounds
 h - a potion of haste
 i - 2 potions of magic
 j - a potion of berserk rage
Comestibles
 f - a ration
 l - 3 chunks of flesh


   Skills:
 * Level 4.1 Fighting
 * Level 3.0 Long Blades
 + Level 0.6 Throwing
 * Level 4.1 Armour
 * Level 1.2 Dodging
 + Level 0.7 Stealth
 * Level 4.1 Shields


You couldn't memorise any spells.
You didn't know any spells.
Your spell library was empty.

Dungeon Overview and Level Annotations

Branches:
Dungeon (1/1)

Altars:


Innate Abilities, Weirdness & Mutations

You reflexively headbutt those who attack you in melee.
You have a pair of horns on your head.


Message History

m - 19 stones (gained 1)
m - 20 stones (gained 1)
You open the door.
There is an open door here.
You swing at nothing.
Unknown command.
Unknown command.
A wolf comes into view.
The wolf howls!
The wolf closely misses you. You furiously retaliate!
You headbutt the wolf! The wolf bites you. You block the wolf's attack.
You completely miss the wolf. Your headbutt misses the wolf.
The wolf is almost dead.
The wolf bites you! The wolf bites you.
* * * LOW HITPOINT WARNING * * *
You miss the wolf.
The wolf is almost dead.
You block the wolf's attack. The wolf bites you.
You die...

▓.....#....≈.♣
▓.....#...≈≈♣♣♣
▓.....#..≈≈≈≈..
▓####÷#..≈≈≈≈≈≈
▓.....#.≈≈≈≈≈≈.
▓.....#.≈≈≈≈≈..
▓.....#.≈≈≈....
▓'#####........
▓...@h.........
▓▓▓▓▓▓▓▓▓▓▓▓▓▓▓


You could see a wolf.

Vanquished Creatures
  An ooze (D)
  3 rats (D)
4 creatures vanquished.

Vanquished Creatures (others)
  2 hellions (D)
  A yaktaur (D)
  3 plants (D)
6 creatures vanquished.

Grand Total: 10 creatures vanquished

Notes
Turn   | Place    | Note
-------+----------+-------------------------------------------
     0 | D        | Kidiri the Minotaur Fighter began the quest for the Orb.
     0 | D        | Reached XP level 1. HP: 19/19 MP: 0/0
     3 | D        | Reached skill level 1 in Dodging
    33 | D        | Killed a yaktaur
    58 | D        | Noticed a wolf
    63 | D        | Killed a hellion
    65 | D        | Killed a hellion
    66 | D        | HP: 1/20 [wolf (6)]
    67 | D        | Slain by a wolf

Vault maps used:
D:        dungeon_sprint_mu

Skill      XL: |  1 |
---------------+----+-----
Fighting       | 4 |  4.1
Armour         | 4 |  4.1
Dodging        | 1 |  1.2
Shields        | 4 |  4.1
Long Blades    | 3 |  3.0
Throwing       | |  0.6
Stealth        | |  0.7

Action                   || total
-------------------------++-------
Melee: Long sword        ||    10
       Headbutt          ||     4
Throw: Stone             ||     3
Armor: Scale mail        ||     2
Dodge: Dodged            ||     2
Block: Shield            ||     6
       Rpst.: Long sword ||     1

Table legend:
 A = Non-vault XP
 B = Vault XP
 C = Vault XP percentage of total XP
 D = Non-vault monster count
 E = Vault monster count
 F = Vault count percentage of total count
                 A         B        C        D         E       F
            +---------+---------+-------+---------+---------+-------
      Total |       0 |      11 | 100.0 |       0 |       4 | 100.0
            +---------+---------+-------+---------+---------+-------
          D |       0 |      11 | 100.0 |       0 |       4 | 100.0
            +---------+---------+-------+---------+---------+-------
